AoeStats
← 大王同学

Arabia

503207016Analyzed
4v4 RM · 1mo ago on Aug 30, 2026· 30m 5s· 8 players
Game mode
Random Map
Map size
Large (8 player)
Population
200
Speed
Normal
Resources
Standard
Victory
Conquest
Starting age
Dark Age
Ending age
Imperial Age
RankedLock teamsTeams togetherTeam positionsShared explorationLock speedFull tech treeHidden civsTurbo modeCheats
Victory
Defeat
🇨🇭 Mongols · Switzerland
1375
+14
🇦🇷 Franks · Argentina
1352
+15
🇦🇷 Muisca · Argentina
1346
+15
🇧🇪 Vietnamese · Belgium
1345
+15
1381
-17
1356
-16
🇮🇳 Britons · India
1311
-14
🇭🇰 Tupi · Hong Kong SAR China
1266
-12
amc_lord
10:06 Feudal Age
10:09 Loom
10:41 Double-Bit Axe
12:25 Wheelbarrow
12:58 Town Watch
16:32 Fletching
17:25 Padded Archer Armor
28:38 Castle Age
28:21 Gold Mining
29:23 Bodkin Arrow
28:50 Crossbowman
30:16 Thumb Ring
30:54 Bow Saw
F1NBLOO
6:10 Loom
8:16 Feudal Age
9:11 Double-Bit Axe
9:50 Horse Collar
14:18 Scale Barding Armor
16:22 Wheelbarrow
21:11 Castle Age
19:34 Gold Mining
20:26 Bloodlines
21:16 Forging
21:12 Light Cavalry
22:32 Chain Barding Armor
23:18 Bow Saw
25:37 Heavy Plow
28:02 Husbandry
EWC Beethoven
6:47 Loom
9:25 Feudal Age
10:47 Double-Bit Axe
13:33 Fletching
18:46 Padded Archer Armor
20:11 Horse Collar
26:19 Castle Age
25:11 Gold Mining
26:24 Crossbowman
27:11 Thumb Ring
27:02 Bodkin Arrow
28:03 Leather Archer Armor
29:02 Ballistics
30:38 Bow Saw
31:10 Gold Shaft Mining
EWC KukaLLi7
6:43 Loom
9:06 Feudal Age
9:54 Double-Bit Axe
15:00 Scale Barding Armor
17:27 Wheelbarrow
17:06 Forging
22:53 Castle Age
21:09 Gold Mining
22:56 Light Cavalry
23:58 Chain Barding Armor
24:19 Hand Cart
24:15 Bow Saw
24:09 Husbandry
26:48 Gold Shaft Mining
28:58 Iron Casting
Borad
5:48 Loom
8:34 Feudal Age
10:05 Double-Bit Axe
14:07 Fletching
大王同学
6:35 Loom
9:17 Feudal Age
9:56 Double-Bit Axe
14:52 Fletching
18:55 Padded Archer Armor
23:08 Wheelbarrow
22:53 Horse Collar
28:58 Castle Age
29:36 Bodkin Arrow
29:03 Crossbowman
羽丘白色魅魔丰川祥子
9:14 Feudal Age
7:41 Loom
11:01 Double-Bit Axe
19:29 Scale Barding Armor
豹豹是只大猫咪
6:16 Loom
8:27 Feudal Age
9:06 Double-Bit Axe
9:55 Horse Collar
16:59 Bloodlines
18:28 Scale Barding Armor
19:26 Town Watch
20:17 Wheelbarrow
23:21 Castle Age
22:17 Forging
22:00 Gold Mining
22:54 Town Watch
23:51 Husbandry
23:22 Light Cavalry
28:29 Chain Barding Armor
29:42 Fletching
Connection lost

Rejoining the realm…

Still unreachable

The connection could not be restored.

Session expired

The server has moved on; the page needs a fresh start.